 Dungeon Crawl Stone Soup version 0.27-a0-972-gd1521fd518 (webtiles) character file.

Game seed: 5594486039600186999

544894 spiderkeys the Warrior (level 25, 0/248 HPs)
             Began as a Demonspawn Abyssal Knight on Apr 14, 2021.
             Was the Champion of Lugonu.
             Slain by a rockslime (31 damage)
             ... created by the Royal Jelly
             ... while paralysed by a great orb of eyes
             ... on level 5 of the Pits of Slime.
             The game lasted 01:58:54 (68366 turns).

spiderkeys the Warrior (Demonspawn Abyssal Knight) Turns: 68366, Time: 01:58:55

Health: 0/248      AC: 33    Str: 30    XL:     25   Next: 37%
Magic:  37/43      EV:  2    Int: 25    God:    Lugonu [******]
Gold:   4003       SH:  0    Dex: 25    Spells: 42/57 levels left

rFire    + . .     SeeInvis +   w - +9 demon trident (distort)
rCold    + . .     Faith    .   H - +1 kite shield "Lisof" {Str+3 Int+2 Slay+3}
rNeg     + + .     Spirit   .   M - +12 plate armour "Naogoq" {rElec rC+ Str+3}
rPois    +         Reflect  +   L - +0 helmet of Complete Protection {rPois Int+7}
rElec    +         Harm     .   u - +2 ratskin cloak {*Rats rPois rN+ Str-1 Int-1 Dex+1}
rCorr    +         Rampage  .   S - +0 pair of fencer's gloves {Riposte Dex+3}
Will     +....                  (boots unavailable)
Stlth    ..........             r - amulet "Toysid" {Reflect Fragile rPois Int+2 Dex+4 SH+5}
HPRegen  2.51/turn              v - +6 ring of strength
MPRegen  0.28/turn              y - ring "Winidarr" {rCorr SInv}

@: paralysed, mighty, corroded, hasted (expiring)
A: talons 3, rugged brown scales 3, ignite blood 2, negative energy resistance
1, powered by death 3, 50% torment resistance, black mark, agile 1, fire
resistance 1, robust 1, weak 1, no potion heal 1
}: 2/15 runes: serpentine, barnacled
a: Renounce Religion, Depart the Abyss, Bend Space, Banish, Corrupt, Enter the
Abyss


You were on level 5 of the Pits of Slime.
You worshipped Lugonu.
Lugonu was exalted by your worship.
You visited 9 branches of the dungeon, and saw 49 of its levels.
You visited the Abyss 3 times.
You visited 1 bazaar.
You also visited: Sewer, Ossuary, Gauntlet and Ice Cave.

You collected 7355 gold pieces.
You spent 3352 gold pieces at shops.

Inventory:

Hand Weapons
 h - the +8 trident of the Octopus King {venom, rElec rPois Will+}
   (You acquired it on level 2 of the Dungeon)

   It poisons the flesh of those it strikes.
   It insulates you from electricity.
   It protects you from poison.
   It increases your willpower.
 w - a +9 demon trident of distortion (weapon)
 G - the +7 lajatang of Order {silver, rMut}
   (You found it on level 1 of the Shoals)

   It protects you from mutation.
Missiles
 a - 4 throwing nets
 j - 5 boomerangs of dispersal
 Q - 94 silver javelins
Armour
 u - the +2 ratskin cloak (worn) {*Rats rPois rN+ Str-1 Int-1 Dex+1}
   (You found it on level 1 of the Depths)

   It affects your strength (-1).
   It affects your intelligence (-1).
   It affects your dexterity (+1).
   It protects you from poison.
   It protects you from negative energy.
 B - +8 gold dragon scales
 H - the +1 kite shield "Lisof" (worn) {Str+3 Int+2 Slay+3}
   (You bought it in a shop on level 7 of the Dungeon)

   It affects your strength (+3).
   It affects your intelligence (+2).
   It affects your accuracy and damage with ranged weapons and melee attacks
   (+3).
 L - the +0 helmet of Complete Protection (worn) {rPois Int+7}
   (You found it in a Gauntlet)

   It affects your intelligence (+7).
   It protects you from poison.
 M - the +12 plate armour "Naogoq" (worn) {rElec rC+ Str+3}
   (You bought it in a shop in a bazaar)

   It affects your strength (+3).
   It protects you from cold.
   It insulates you from electricity.
 S - the +0 pair of fencer's gloves (worn) {Riposte Dex+3}
   (You bought it in a shop on level 5 of the Dungeon)

   It affects your dexterity (+3).
Jewellery
 r - the amulet "Toysid" (around neck) {Reflect Fragile rPois Int+2 Dex+4 SH+5}
   (You bought it in a shop on level 5 of the Dungeon)

   [amulet of reflection]

   It reflects blocked missile attacks.
   It affects your intelligence (+2).
   It affects your dexterity (+4).
   It protects you from poison.
   It will be destroyed if unequipped.
   It affects your SH (+5).
 v - a +6 ring of strength (left hand)
 y - the ring "Winidarr" (right hand) {rCorr SInv}
   (You found it on level 4 of the Shoals)

   [ring of see invisible]

   It lets you see invisible.
   It protects you from acid and corrosion.
 R - a ring of wizardry
Wands
 d - a wand of paralysis (56)
 e - a wand of iceblast (45)
 s - a wand of acid (27)
 t - a wand of polymorph (52)
 I - a wand of mindburst (75)
 K - a wand of flame (106)
 T - a wand of charming (12)
 V - a wand of digging (10)
Scrolls
 c - 18 scrolls of teleportation
 k - 6 scrolls of enchant weapon
 l - 5 scrolls of fog
 n - a scroll of magic mapping
 x - a scroll of silence
 E - 2 scrolls of torment
 F - 17 scrolls of amnesia
 J - 2 scrolls of blinking
 Y - 3 scrolls of summoning
 Z - 5 scrolls of fear
Potions
 b - 3 potions of might
 f - 2 potions of resistance
 g - 7 potions of brilliance
 m - 5 potions of attraction
 o - 9 potions of flight
 p - 8 potions of invisibility
 q - 4 potions of berserk rage
 z - 4 potions of haste
 A - 10 potions of curing
 D - 9 potions of heal wounds
 O - 2 potions of magic
 P - 7 potions of cancellation
 U - 3 potions of lignification
 X - 9 potions of mutation
Miscellaneous
 i - a phantom mirror


   Skills:
 + Level 20.3 Fighting
 - Level 15.3 Polearms
 + Level 18.9 Armour
 - Level 3.0 Dodging
 - Level 15.0 Shields
 + Level 16.9 Spellcasting
 + Level 19.4 Necromancy
 - Level 17.0 Invocations


You had 42 spell levels left.
You knew the following spells:

 Your Spells              Type           Power      Damage    Failure   Level
a - Animate Dead          Necr           43%        N/A       1%          4
b - Death Channel         Necr           43%        N/A       1%          6
c - Borgnjor's Vile Clut  Necr/Erth      31%        N/A       5%          5

Your spell library contained the following spells:

 Spells                   Type           Power      Damage    Failure   Level
 Animate Skeleton         Necr           100%       N/A       0%          1
 Pain                     Necr           100%       1d9       0%          1
 Sublimation of Blood     Necr           43%        N/A       0%          2
 Vampiric Draining        Necr           43%        2d12      0%          3
 Agony                    Necr           87%        N/A       1%          5
 Excruciating Wounds      Necr           43%        N/A       1%          5
 Apportation              Tloc           42%        N/A       11%         1
 Corona                   Hex            23%        N/A       11%         1
 Foxfire                  Conj/Fire      84%        2x1d8     11%         1
 Freeze                   Ice            84%        1d10      11%         1
 Magic Dart               Conj           84%        1d7       11%         1
 Sting                    Tmut/Pois      84%        1d7       11%         1
 Summon Small Mammal      Summ           84%        N/A       11%         1
 Poisonous Vapours        Pois/Air       42%        N/A       16%         2
 Searing Ray              Conj           42%        3d4       16%         2
 Slow                     Hex            21%        N/A       16%         2
 Simulacrum               Ice/Necr       31%        N/A       30%         6
 Dazzling Flash           Conj/Hex       42%        N/A       32%         3
 Frozen Ramparts          Ice            42%        1d6       32%         3
 Ignite Poison            Fire/Tmut/Pois 21%        N/A       32%         3
 Inner Flame              Hex/Fire       21%        N/A       32%         3
 Lesser Beckoning         Tloc           10%        N/A       32%         3
 Mephitic Cloud           Conj/Pois/Air  21%        N/A       32%         3
 Ozocubu's Armour         Ice            21%        N/A       32%         3
 Portal Projectile        Hex/Tloc       42%        N/A       32%         3
 Static Discharge         Conj/Air       21%        N/A       32%         3
 Tukima's Dance           Hex            21%        N/A       32%         3
 Cause Fear               Hex            10%        N/A       71%         4
 Fulminant Prism          Conj/Hex       10%        3d9       71%         4
 Hailstorm                Conj/Ice       21%        3d6       71%         4
 Ice Form                 Ice/Tmut       21%        N/A       71%         4
 Iskenderun's Mystic Bla  Conj/Tloc      21%        2d6       71%         4
 Leda's Liquefaction      Hex/Erth       10%        N/A       71%         4
 Olgreb's Toxic Radiance  Pois           21%        N/A       71%         4
 Petrify                  Tmut/Erth      21%        N/A       71%         4
 Sticky Flame             Conj/Fire      21%        2d4       71%         4
 Summon Ice Beast         Ice/Summ       21%        N/A       71%         4
 Summon Lightning Spire   Summ/Air       21%        N/A       71%         4
 Alistair's Intoxication  Tmut/Pois      14%        N/A       96%         5
 Bolt of Magma            Conj/Fire/Erth 10%        4d7       96%         5
 Fireball                 Conj/Fire      10%        3d6       96%         5
 Irradiate                Conj/Tmut      10%        3d16      96%         5
 Lightning Bolt           Conj/Air       10%        1d23      96%         5
 Metabolic Englaciation   Hex/Ice        10%        N/A       96%         5
 Silence                  Hex/Air        10%        N/A       96%         5
 Yara's Violent Unravell  Hex/Tmut       10%        3d6       96%         5
 Conjure Ball Lightning   Conj/Air       10%        3x3d6     100%        6
 Eringya's Noxious Bog    Tmut/Pois      10%        N/A       100%        6
 Freezing Cloud           Conj/Ice/Air   10%        6-21      100%        6
 Invisibility             Hex            21%        N/A       100%        6
 Starburst                Conj/Fire      10%        8x6d5     100%        6
 Statue Form              Tmut/Erth      14%        N/A       100%        6
 Ozocubu's Refrigeration  Ice            10%        4d7       100%        7
 Discord                  Hex            10%        N/A       100%        8
 Ignition                 Fire           10%        3d5       100%        8
 Shatter                  Erth           10%        3d12*     100%        9
 Tornado                  Air            10%        N/A       100%        9


Dungeon Overview and Level Annotations

Branches:
Dungeon (15/15)            Temple (0/1) D:6            Lair (6/6) D:9
 Shoals (4/4) Lair:3        Snake (4/4) Lair:2        Slime (5/5) Lair:5
    Orc (2/2) D:11            Elf (3/3) Orc:2        Vaults (5/5) D:13
  Crypt (0/3) Vaults:2     Depths (5/5) D:15            Zot (0/5) Depths:5
  Sewer (visited)         Ossuary (visited)           IceCv (visited)
Gauntlet (visited)

Altars:
Dithmenos
Elyvilon
Gozag
Kikubaaqudgha
Qazlal
Ru
Sif Muna
Trog
Uskayaw
Vehumet
Xom
Yredelemnul
Zin
Lugonu

Shops:
D:5 [=(   D:7 [   D:13 *   Orc:1 (   Orc:2 *?([   Elf:1 *[[=   Elf:2 *
Shoals:1 *   Vaults:2 [   Vaults:4 (*   Vaults:5 ![!?   Depths:2 [

Portals:
Hell: Depths:1 Depths:2 Depths:3 Depths:4 Depths:5
Abyss: Depths:1 Depths:4
Pandemonium: Depths:1 Depths:3 Depths:4
Ziggurat: Depths:2

Annotations:
D:12 2 runed translucent doors, Demosthentine's ghost, journeyman MfGl
Lair:5 exclusion: 3 oklob plants
Lair:6 2 transporters, tardwrangler69's ghost, journeyman DrEE
Shoals:4 Mara
Abyss:1 Margery


Innate Abilities, Weirdness & Mutations

You have claws for feet.
You are completely covered in rugged brown scales. (AC +3, +7% HP)
Your demonic aura often causes spilled blood to erupt in flames You resist negative energy. (rN+)
You regenerate a lot of health from kills.
You are somewhat able to resist unholy torments (1 in 2 success).
Your melee attacks may debilitate your foes.
You are agile. (Dex +2)
Your flesh is heat resistant. (rF+)
You are robust. (+10% HP)
You are weak. (Str -2)
Potions are less effective at restoring your health.


Message History

You kill the acid blob!
Lugonu accepts your kill.
Reach: w) +9 demon trident (distort)
Press: ? - help, Dir - move target, f - great orb of eyes
Aim: a great orb of eyes (about 8% to evade your +9 demon trident of distortion)
You impale the great orb of eyes!! You claw the great orb of eyes!
The great orb of eyes is severely wounded.
The great orb of eyes blinks!
The acid blob spits acid at you.
The splash of acid hits you but does no damage.
You are splashed with acid.
You resist.
* * * LOW HITPOINT WARNING * * *
The golden eye pulsates ominously.
The golden eye blinks at you.
You are confused.
You're too confused to aim your attacks!
Unknown command.
You bump into the rune-carved stone wall.
A rockslime comes into view.
The golden eye blinks at you.
You are more confused.
You bump into the rune-carved stone wall.
Your system partially rejects the healing.
You feel better. The golden eye blinks at you.
You resist with almost no effort. You block the rockslime's attack.
You stick the rockslime like a pincushion!!!
Space warps horribly around the rockslime!!
You claw the rockslime, but do no damage.
The rockslime is almost dead.
The golden eye blinks!
The great orb of eyes gazes at you.
You suddenly lose the ability to move!
The rockslime hits you.
* * * LOW HITPOINT WARNING * * *
You hold your ground!
The rockslime hits you!!
* * * LOW HITPOINT WARNING * * *
You hold your ground!
The rockslime hits you!!
You die... .......# ......... .......... .......### ......... ......## .}....: ......# ...... ......# ....
GJ#

##.# ....# #.@#
........#####J######
.........#.#JJ#.#...
.....J........J.....
....................
....................
..............J...........
..........................
..........................


You could see 2 acid blobs, a great orb of eyes and 2 rockslimes.

Vanquished Creatures
  the Royal Jelly (Slime:5)
  Sojobo (Vaults:4)
  Frederick (Vaults:4)
  Saint Roka (Snake:4)
  Xtahua (Depths:5)
  The ghost of rjrrt the Executioner, an adept MiBe of Trog (Depths:3)
  the Enchantress (Depths:4)
  A bone dragon (Depths:5)
  3 golden dragons
  A tentacled monstrosity (Vaults:5)
  2 deep elf blademasters (Elf:3)
  A quicksilver dragon (Depths:3)
  3 deep elf master archers (Elf:3)
  13 acid blobs
  Asterion (Snake:2)
  5 sphinxes
  A kraken (Shoals:4)
  2 tengu reavers
  A shadow dragon (Depths:5)
  Frances (D:14)
  Kirke (Lair:5)
  A storm dragon (Depths:3)
  Roxanne (Shoals:1)
  14 nagarajas
  Ilsuiw (Shoals:2)
  3 azure jellies (Slime:5)
  3 rockslimes (Slime:5)
  2 frost giants
  7 fire giants
  10 vault wardens
  3 deep elf sorcerers (Elf:3)
  A balrug (Depths:5)
  2 deep elf elementalists (Elf:3)
  A caustic shrike zombie (Depths:1)
  3 spriggan defenders
  12 ironbound preservers
  2 war gargoyles (Vaults:2)
  8 quicksilver oozes
  Nessos (Lair:5)
  2 vampire knights
  3 deep elf demonologists
  9 stone giants
  3 black draconians (Depths:5)
  4 entropy weavers
  25 very ugly things
  A minotaur (Gauntlet)
  10 deep elf annihilators
  9 spark wasps
  A yellow draconian (Depths:5)
  3 purple draconians (Depths:5)
  3 dire elephants
  Snorg (D:14)
  A crystal guardian (Vaults:2)
  4 merfolk javelineers
  3 deep elf death magi
  An eidolon (Vaults:2)
  A green death (Depths:1)
  4 salamander tyrants
  5 ettins
  10 yaktaur captains
  2 jiangshi (Depths:5)
  3 deep elf high priests
  8 fire dragons
  3 merfolk impalers
  9 ironbound thunderhulks
  A peacekeeper (Vaults:3)
  3 rakshasas (Depths:1)
  26 vault guards
  5 ice dragons
  13 naga warriors
  The ghost of dolemite99 the Covert, a journeyman MfMo of Kikubaaqudgha (D:10)
  13 great orbs of eyes
  7 spriggan air magi
  5 merfolk avatars
  17 hydras
  12 anacondas
  3 ogre magi
  7 boulder beetles
  A juggernaut simulacrum (Depths:3)
  3 merfolk aquamancers
  10 centaur warriors
  16 two-headed ogres
  5 death knights
  22 dancing weapons
  3 death yaks (D:9)
  7 ironbound frosthearts
  6 satyrs
  An alligator snapping turtle (Shoals:4)
  2 ironbound beastmasters (Vaults:3)
  6 deep troll shamans
  6 tengu warriors
  2 deep troll earth magi
  4 vampire magi
  9 naga sharpshooters
  Nergalle (Lair:2)
  10 shock serpents
  5 spriggan berserkers
  23 deep elf knights
  A sixfirhy (Depths:1)
  A soul eater (Depths:1)
  8 salamander mystics
  2 skeletal warriors
  2 shadow wraiths
  7 iron trolls
  21 hell knights
  A golden dragon zombie (Depths:3)
  51 deep trolls
  An orange crystal statue (Depths:1)
  A swamp dragon (Lair:6)
  20 sea snakes
  7 deep elf archers
  3 glowing orange brains
  2 flayed ghosts (Depths:4)
  9 naga ritualists
  16 harpies
  3 wizards
  11 necromancers
  3 lindwurms (Vaults:3)
  14 ironbound convokers
  A tengu zombie (Depths:3)
  4 phantasmal warriors
  A wolf spider (Lair:6)
  19 deep elf pyromancers
  4 orc knights
  A shining eye (Slime:4)
  25 deep elf zephyrmancers
  10 manticores
  35 ugly things
  5 mana vipers
  4 oklob plants (Lair:6)
  3 moths of wrath
  4 ice statues (IceCv)
  18 fauns
  21 cyclopes
  8 merfolk sirens
  25 salamanders
  32 black mambas
  27 elephants
  15 guardian serpents
  A titan simulacrum (Depths:1)
  15 vault sentinels
  A guardian serpent (shapeshifter) (D:14)
  2 smoke demons (Depths:5)
  A spriggan zombie (Depths:3)
  16 cane toads
  3 water nymphs
  17 naga magi
  An elf skeleton (Vaults:1)
  A komodo dragon (shapeshifter) (Vaults:5)
  6 kobold demonologists
  18 yaktaurs
  2 efreet
  8 ice devils (IceCv)
  5 rime drakes
  2 tengu conjurers
  3 komodo dragons
  2 freezing wraiths
  A queen bee (Lair:1)
  35 merfolk
  A hellwing (Depths:1)
  2 meliai (D:13)
  2 wolf spider simulacra
  A red devil (Depths:1)
  13 trolls
  2 meliai (shapeshifter) (D:13)
  A troll (shapeshifter) (D:14)
  5 hornets
  14 polar bears
  A sphinx simulacrum (Depths:3)
  7 wind drakes
  87 slime creatures
  A jumping spider (Vaults:2)
  A hornet (shapeshifter) (Elf:3)
  27 blink frogs
  23 dream sheep
  7 snapping turtles
  A deep troll zombie (Vaults:1)
  6 centaur simulacra
  22 water elementals
  3 wyverns
  6 wraiths
  11 redbacks
  5 spriggans
  A vampire (D:12)
  An air elemental (Elf:2)
  2 fire elementals
  44 yaks
  A tarantella (shapeshifter) (D:13)
  Eustachio (D:4)
  A hog (shapeshifter) (D:13)
  3 hogs (Lair:5)
  4 basilisks
  2 golden eyes (Slime:5)
  A golden eye (shapeshifter) (D:13)
  9 vampire mosquitoes
  3 acid dragons
  12 wargs
  42 nagas
  Edmund (D:6)
  15 hell hounds (Lair:6)
  A floating eye (Depths:3)
  6 large abominations
  12 water moccasins
  3 swamp drakes (Lair:6)
  Duvessa (D:7)
  22 orc warriors
  2 sky beasts
  10 ice beasts
  24 ogres
  16 black bears
  4 necrophages
  31 wolves
  6 centaurs
  A phantom (D:5)
  4 elf zombies
  4 kobold brigands
  9 bullfrogs
  6 small abominations (Elf:3)
  2 wyvern zombies
  2 scorpions
  Dowan (D:7)
  3 earth elementals
  A wyvern skeleton (D:7)
  A water moccasin skeleton (D:7)
  28 killer bees
  9 wights
  9 electric eels
  4 howler monkeys
  A human simulacrum (Vaults:1)
  6 centaur zombies
  A jelly (D:5)
  Crazy Yiuf (D:6)
  A hound (D:7)
  A human zombie (D:4)
  12 orc priests
  A centaur skeleton (D:7)
  A gnoll shaman (D:5)
  6 iguanas
  A bullfrog skeleton (D:8)
  2 scorpion zombies
  Natasha (twice) (D:3)
  14 orc wizards
  3 hell rats
  A spriggan simulacrum (IceCv)
  2 yak simulacra (Lair:4)
  4 polar bear simulacra (Lair:4)
  2 troll simulacra (IceCv)
  2 wolf simulacra (Lair:4)
  2 hound zombies (D:4)
  A howler monkey zombie (D:9)
  4 mummies
  4 gnolls (D:4)
  20 river rats
  9 adders
  A howler monkey skeleton (D:5)
  4 ogre simulacra (IceCv)
  3 white imps (D:11)
  An ufetubus (D:11)
  2 adder zombies (Ossuary)
  5 worms
  3 dart slugs
  65 orcs
  12 bats
  7 endoplasms
  4 giant cockroaches
  7 goblins
  4 hobgoblins
  10 jackals
  15 kobolds
  6 quokkas
  8 ball pythons
  6 frilled lizards
  A giant cockroach zombie (D:1)
  3 goblin zombies (Ossuary)
  11 hobgoblin zombies (Ossuary)
  A jackal zombie (Ossuary)
  9 kobold zombies (Ossuary)
  8 orc zombies (Ossuary)
  A quokka zombie (D:1)
  12 rats
  3 river rat simulacra (Lair:4)
  4 tentacles (Shoals:4)
2021 creatures vanquished.

Vanquished Creatures (collateral kills)
  A golden dragon (Depths:3)
  A tengu reaver (Vaults:4)
  A deep elf sorcerer (Elf:3)
  An iron dragon (Depths:3)
  A frost giant (Depths:4)
  A vault guard (Vaults:4)
  An iron troll (Depths:3)
  4 hell knights
  2 deep trolls
  A deep elf archer (Elf:3)
  2 necromancers (Depths:3)
  A spriggan zombie (Depths:3)
  A spriggan (Depths:5)
  An ogre (Depths:2)
19 creatures vanquished.

Vanquished Creatures (others)
  A tengu reaver (Vaults:4)
  A draconian stormcaller (Depths:5)
  A naga warrior (Snake:4)
  An ironbound thunderhulk (Vaults:4)
  A peacekeeper (Vaults:2)
  An iron troll (Depths:4)
  A sea snake (Shoals:3)
  2 deep trolls (Vaults:4)
  A deep elf pyromancer (Elf:1)
  2 necromancers
  2 merfolk (Shoals:3)
  2 water elementals (Shoals:3)
  2 iguanas (Lair:6)
  3 orcs (Snake:4)
  3 bushes (Lair:6)
  40 fungi
  343 plants
  2 tentacles (Shoals:4)
409 creatures vanquished.

Grand Total: 2449 creatures vanquished

Notes
Turn   | Place    | Note
-------+----------+-------------------------------------------
     0 | Abyss:1  | spiderkeys the Demonspawn Abyssal Knight began the quest
                  | for the Orb.
     0 | Abyss:1  | Reached XP level 1. HP: 18/18 MP: 2/2
    53 | Abyss:2  | Found a corrupted altar of Lugonu.
    88 | Abyss:2  | Noticed a large abomination
    90 | Abyss:2  | Noticed a golden eye
    98 | Abyss:2  | Noticed a starcursed mass
   100 | Abyss:2  | Noticed a raiju
   100 | Abyss:2  | Noticed a raiju
   100 | Abyss:2  | Noticed a raiju
   101 | D:1      | Escaped the Abyss
   405 | D:1      | Reached skill level 1 in Dodging
   496 | D:1      | Reached * piety under Lugonu
   541 | D:1      | Gained mutation: You regenerate a little health from kills.
                  | [demonic ancestry]
   541 | D:1      | Reached XP level 2. HP: 24/24 MP: 3/3
   598 | D:1      | Found a faded altar of an unknown god.
  1138 | D:1      | Gained mutation: You are partially covered in rugged brown
                  | scales. (AC +1, +3% HP) [demonic ancestry]
  1138 | D:1      | Reached XP level 3. HP: 23/29 MP: 5/5
  2373 | D:2      | Identified a scroll of acquirement
  2373 | D:2      | Acquired the +8 trident of the Octopus King {venom, rElec
                  | rPois Will+}
  2374 | D:2      | Found the +8 trident of the Octopus King {venom, rElec
                  | rPois Will+}
  2482 | D:3      | Gained mutation: You are mostly covered in rugged brown
                  | scales. (AC +2, +5% HP) [demonic ancestry]
  2482 | D:3      | Reached XP level 4. HP: 27/36 MP: 6/6
  2598 | D:3      | Reached ** piety under Lugonu
  3063 | D:3      | Noticed Natasha
  3066 | D:3      | Killed Natasha
  3196 | D:3      | Noticed Natasha
  3202 | D:3      | Killed Natasha
  3203 | D:3      | Reached XP level 5. HP: 36/43 MP: 7/7
  3483 | D:4      | Noticed Eustachio
  3562 | D:4      | Killed Eustachio
  3563 | D:4      | Gained mutation: You are completely covered in rugged brown
                  | scales. (AC +3, +7% HP) [demonic ancestry]
  3563 | D:4      | Reached XP level 6. HP: 40/51 MP: 7/9
  3609 | D:4      | Reached skill level 4 in Fighting
  3671 | D:4      | Found a sacrificial altar of Ru.
  3754 | D:4      | Found a sand-covered staircase.
  3762 | Ossuary  | Entered an ossuary
  3830 | Ossuary  | Reached *** piety under Lugonu
  3977 | Ossuary  | Reached XP level 7. HP: 43/57 MP: 10/10
  4178 | D:4      | Found a glowing drain.
  4182 | Sewer    | Entered a sewer
  4303 | Sewer    | Reached **** piety under Lugonu
  4974 | D:4      | Reached skill level 5 in Invocations
  5617 | D:4      | Found a basalt altar of Yredelemnul.
  5625 | D:4      | Reached skill level 5 in Polearms
  5625 | D:4      | Reached skill level 1 in Shields
  5673 | D:4      | Gained mutation: Your demonic aura sometimes causes spilled
                  | blood to erupt in flames [demonic ancestry]
  5673 | D:4      | Reached XP level 8. HP: 65/65 MP: 12/12
  5743 | D:4      | Reached skill level 5 in Fighting
  5967 | D:5      | Entered Level 5 of the Dungeon
  5967 | D:5      | Found Bedeu's Antique Armour Shoppe.
  5990 | D:5      | Found a shadowy altar of Dithmenos.
  6071 | D:5      | Found an ancient bone altar of Kikubaaqudgha.
  6317 | D:5      | Found Hyehap's Jewellery Shop.
  6477 | D:5      | Found Wunuegat's Weapon Emporium.
  6483 | D:5      | Reached XP level 9. HP: 72/72 MP: 13/13
  6902 | D:6      | Found a runed translucent door.
  6903 | D:6      | Noticed Crazy Yiuf
  6937 | D:6      | Noticed Edmund
  6942 | D:6      | Killed Edmund
  6964 | D:6      | Found a staircase to the Ecumenical Temple.
  7024 | D:6      | Found an opulent altar of Gozag.
  7195 | D:6      | Reached skill level 5 in Armour
  7200 | D:6      | Reached ***** piety under Lugonu
  7224 | D:6      | Reached skill level 6 in Fighting
  7617 | D:6      | Noticed an angel
  7698 | D:6      | Killed Crazy Yiuf
  7983 | D:7      | Found Ekeovagh's Antique Armour Shop.
  8677 | D:7      | Reached XP level 10. HP: 82/82 MP: 14/16
  8775 | D:7      | Found a hide-covered altar of Uskayaw.
  8836 | D:7      | Noticed Duvessa
  8837 | D:7      | Noticed Dowan
  8843 | D:7      | Killed Duvessa
  8847 | D:7      | Killed Dowan
  9003 | D:7      | Bought a masterwork kite shield for 256 gold pieces
  9003 | D:7      | Identified the +1 kite shield "Lisof" {Str+3 Int+2 Slay+3}
                  | (You bought it in a shop on level 7 of the Dungeon)
  9077 | D:8      | Noticed a two-headed ogre
  9093 | D:8      | Killed a two-headed ogre
  9094 | D:8      | Reached skill level 7 in Fighting
  9566 | D:9      | Noticed a death yak
  9570 | D:9      | Noticed a death yak
  9572 | D:9      | Noticed a death yak
  9579 | D:9      | Killed a death yak
  9589 | D:9      | Killed a death yak
  9594 | D:9      | Killed a death yak
  9595 | D:9      | Reached skill level 5 in Shields
  9595 | D:9      | Gained mutation: You have sharp toenails. [demonic
                  | ancestry]
  9595 | D:9      | Reached XP level 11. HP: 64/90 MP: 16/18
  9611 | D:9      | Found a staircase to the Lair.
  9626 | D:9      | Found a radiant altar of Vehumet.
  9662 | D:9      | Noticed a two-headed ogre
  9668 | D:9      | Killed a two-headed ogre
 10353 | D:10     | Entered Level 10 of the Dungeon
 10364 | D:10     | Noticed a soul eater
 10366 | D:10     | Noticed a sun demon
 10457 | D:10     | Reached skill level 8 in Fighting
 10624 | D:10     | Noticed a two-headed ogre
 10628 | D:10     | Killed a two-headed ogre
 10629 | D:10     | Reached skill level 10 in Polearms
 10629 | D:10     | Reached skill level 10 in Invocations
 10966 | D:10     | Noticed a two-headed ogre
 10971 | D:10     | Killed a two-headed ogre
 11109 | D:10     | Found a runed translucent door.
 11113 | D:10     | Noticed dolemite99's ghost (journeyman MfMo)
 11213 | D:10     | Killed dolemite99's ghost
 11350 | D:11     | Found a staircase to the Orcish Mines.
 11406 | D:11     | Found a frozen archway.
 11408 | D:11     | Noticed a two-headed ogre
 11416 | D:11     | Killed a two-headed ogre
 11447 | IceCv    | Entered an ice cave
 11499 | IceCv    | Reached XP level 12. HP: 78/100 MP: 20/20
 13226 | IceCv    | Reached skill level 9 in Fighting
 14475 | IceCv    | Found the +4 skin of Zhor {*Englaciate rC+++ SInv}
 15371 | D:11     | Noticed an eight-headed hydra
 15382 | D:11     | Killed an eight-headed hydra
 15970 | Orc:1    | Entered Level 1 of the Orcish Mines
 15989 | Orc:1    | Found Qusigaer's Weapon Boutique.
 16506 | Orc:2    | Entered Level 2 of the Orcish Mines
 16544 | Orc:2    | Found a staircase to the Elven Halls.
 16677 | Orc:2    | Noticed an ettin
 16679 | Orc:2    | Noticed a two-headed ogre
 16681 | Orc:2    | Reached ****** piety under Lugonu
 16685 | Orc:2    | Killed an ettin
 16686 | Orc:2    | Reached XP level 13. HP: 104/109 MP: 20/22
 16756 | Orc:1    | Reached skill level 10 in Fighting
 17290 | Orc:2    | Found Jeotsago's Antique Armour Shop.
 17519 | D:5      | Bought the amulet "Toysid" {Reflect Fragile rPois Int+2
                  | Dex+4 SH+5} for 626 gold pieces
 17865 | Orc:2    | Found Hacam's Weapon Boutique.
 17868 | Orc:2    | Found Zycleac Cyga's Magic Scroll Emporium.
 17877 | Orc:2    | Found Zeozxu's Assorted Antiques.
 17887 | Orc:2    | Bought a scroll labelled GIMMAU CUISH for 36 gold pieces
 18225 | D:12     | Found a runed translucent door.
 18493 | D:12     | Noticed a lich
 18493 | D:12     | Noticed Demosthentine's ghost (journeyman MfGl)
 18494 | D:12     | Noticed a deep elf annihilator
 19438 | D:12     | Found a runed translucent door.
 19613 | D:13     | Acquired 765 gold pieces
 19637 | D:13     | Found Yludef Agooxt's Assorted Antiques.
 19695 | D:13     | Found a shimmering altar of Xom.
 19696 | D:13     | Found a shimmering altar of Xom.
 19696 | D:13     | Found a shimmering altar of Xom.
 19696 | D:13     | Found a shimmering altar of Xom.
 19696 | D:13     | Found a shimmering altar of Xom.
 19696 | D:13     | Found a shimmering altar of Xom.
 19696 | D:13     | Found a shimmering altar of Xom.
 19696 | D:13     | Found a shimmering altar of Xom.
 19696 | D:13     | Found a shimmering altar of Xom.
 19696 | D:13     | Found a shimmering altar of Xom.
 19696 | D:13     | Found a shimmering altar of Xom.
 19701 | D:13     | Found a gate leading to a gauntlet.
 19711 | Gauntlet | Entered a Gauntlet
 19711 | Gauntlet | Found a transporter.
 19711 | Gauntlet | Found a transporter.
 19711 | Gauntlet | Found a transporter.
 19711 | Gauntlet | Found a transporter.
 19711 | Gauntlet | Noticed an entropy weaver
 19731 | Gauntlet | Found a transporter.
 19741 | Gauntlet | Found a transporter.
 19762 | Gauntlet | Found a transporter.
 19780 | Gauntlet | Found a transporter.
 19826 | Gauntlet | Found a transporter.
 19840 | Gauntlet | Found a transporter.
 19852 | Gauntlet | Found a transporter.
 19865 | Gauntlet | Found a transporter.
 19949 | Gauntlet | Killed an entropy weaver
 19975 | Gauntlet | Gained mutation: You regenerate health from kills. [demonic
                  | ancestry]
 19975 | Gauntlet | Reached XP level 14. HP: 118/118 MP: 23/23
 19984 | Gauntlet | Identified the +0 helmet of Complete Protection {rPois
                  | Int+7}
 20034 | Gauntlet | Identified the +3 spear of Sharp Integrity {flame, Dex+7}
 20232 | D:13     | Reached skill level 11 in Fighting
 20312 | D:13     | Identified the +3 hunting sling "Gram" {flame, Fly Int+2
                  | SInv}
 20348 | D:13     | Reached skill level 10 in Armour
 20434 | D:13     | Found a gate to the Vaults.
 21118 | D:13     | Identified the amulet "Inutoedix" {Will++ Regen+ Str-3}
 21729 | D:14     | Noticed Frances
 21739 | D:14     | Killed Frances
 22097 | D:14     | Noticed Snorg
 22103 | D:14     | Killed Snorg
 22168 | D:14     | Reached skill level 10 in Shields
 22168 | D:14     | Gained mutation: You have razor-sharp toenails. [demonic
                  | ancestry]
 22168 | D:14     | Reached XP level 15. HP: 128/128 MP: 24/24
 22762 | D:15     | Entered Level 15 of the Dungeon
 22801 | D:15     | Reached skill level 12 in Fighting
 22884 | D:15     | Noticed a frost giant
 22891 | D:15     | Banished a frost giant
 23511 | D:15     | Reached skill level 15 in Polearms
 23634 | D:15     | Found a staircase to the Depths.
 23825 | Lair:1   | Entered Level 1 of the Lair of Beasts
 23961 | D:5      | Bought the +0 pair of fencer's gloves {Riposte Dex+3} for
                  | 760 gold pieces
 23961 | D:5      | Found the +0 pair of fencer's gloves {Riposte Dex+3}
 25142 | Lair:1   | You fall into a shaft and drop 1 floor!
 25229 | Lair:2   | Noticed Nergalle
 25238 | Lair:2   | Killed Nergalle
 25307 | Lair:2   | Reached skill level 1 in Spellcasting
 25409 | Lair:2   | Found a staircase to the Snake Pit.
 25800 | Lair:2   | You fall into a shaft and drop 1 floor!
 25800 | Lair:3   | Found a staircase to the Shoals.
 27251 | Lair:3   | You fall into a shaft and drop 3 floors!
 27251 | Lair:6   | Entered Level 6 of the Lair of Beasts
 27801 | Lair:6   | Reached XP level 16. HP: 118/138 MP: 25/25
 28347 | Lair:6   | Found a transporter.
 28372 | Lair:6   | Noticed tardwrangler69's ghost (journeyman DrEE)
 28385 | Lair:6   | Found a transporter.
 28389 | Lair:6   | Found a bloodstained altar of Trog.
 28525 | Lair:6   | Reached skill level 5 in Spellcasting
 28627 | Lair:6   | Reached skill level 13 in Fighting
 28812 | Lair:6   | Identified the +11 great sword "Egitry" {venom, Int+4}
 29115 | Lair:6   | Found the amulet of Vitality {Regen+ HP+15}
 29724 | Lair:5   | Noticed Kirke
 29733 | Lair:5   | Noticed a sphinx
 29772 | Lair:5   | Killed Kirke
 29863 | Lair:5   | Found a staircase to the Slime Pits.
 30270 | Lair:5   | Noticed Nessos
 30277 | Lair:5   | Killed Nessos
 30628 | Lair:5   | You fall into a shaft and drop 1 floor!
 32262 | Snake:1  | Entered Level 1 of the Snake Pit
 32789 | Snake:1  | Gained mutation: You have claws for feet. [demonic
                  | ancestry]
 32789 | Snake:1  | Reached XP level 17. HP: 147/147 MP: 22/29
 33023 | Snake:1  | Learned a level 4 spell: Animate Dead
 33404 | Snake:2  | Reached skill level 1 in Necromancy
 33543 | Snake:2  | Noticed Asterion
 33568 | Snake:2  | Killed Asterion
 35051 | Snake:3  | Reached skill level 14 in Fighting
 35790 | Snake:3  | Reached skill level 5 in Necromancy
 37061 | Snake:4  | Entered Level 4 of the Snake Pit
 37371 | Snake:4  | Escaped the Abyss
 37372 | Snake:4  | Noticed Saint Roka
 38759 | Snake:3  | Acquired a +3 demon trident of electrocution
 38808 | Snake:4  | Reached skill level 10 in Spellcasting
 38823 | Snake:4  | Found Pomusko's Practical Paraphernalia.
 39006 | Snake:4  | Identified the +4 ring mail of Uskayaw's Pride {Contam
                  | Int+7 Dex-4 Slay+5}
 39030 | Snake:4  | Reached skill level 15 in Invocations
 39185 | Snake:4  | Gained mutation: Your demonic aura often causes spilled
                  | blood to erupt in flames [demonic ancestry]
 39185 | Snake:4  | Reached XP level 18. HP: 90/156 MP: 32/32
 39619 | Snake:4  | Killed Saint Roka
 40518 | Snake:4  | HP: 5/157 [salamander (8)]
 41486 | Snake:4  | Identified a +9 demon trident of distortion (a +7 demon
                  | trident of electrocution corrupted by Lugonu)
 41486 | Snake:4  | Received a gift from Lugonu
 42474 | Snake:4  | Got a serpentine rune of Zot
 42669 | Lair:2   | Identified the +9 falchion "Merejunuen" {protect, Str+5}
 42685 | Shoals:1 | Entered Level 1 of the Shoals
 42696 | Shoals:1 | Identified Roxanne's Guide on the Mountains
 42696 | Shoals:1 | Noticed Roxanne
 42699 | Shoals:1 | Found the +7 lajatang of Order {silver, rMut}
 42719 | Shoals:1 | Killed Roxanne
 42720 | Shoals:1 | Reached skill level 10 in Necromancy
 43170 | Shoals:1 | Found Vyrruc's General Store.
 43464 | Shoals:1 | Gained mutation: You regenerate a lot of health from kills.
                  | [demonic ancestry]
 43464 | Shoals:1 | Reached XP level 19. HP: 129/164 MP: 33/33
 43950 | Shoals:2 | Reached skill level 15 in Fighting
 44097 | Shoals:2 | Learned a level 6 spell: Death Channel
 44103 | Shoals:2 | Learned a level 5 spell: Borgnjor's Vile Clutch
 44223 | Shoals:2 | Noticed Ilsuiw
 44284 | Shoals:2 | Killed Ilsuiw
 44608 | Shoals:2 | Acquired the +2 crystal plate armour of Funnyzut {*Slow rN+
                  | Int+4 Dex+3}
 45016 | Shoals:3 | Found a flickering gateway to a bazaar.
 45048 | Bazaar   | Entered a bazaar
 45051 | Bazaar   | Found Cis Ticofa's Antique Armour Boutique.
 45060 | Bazaar   | Found Ihiyzitz's Armour Shop.
 45066 | Bazaar   | Found Myumiphe's Magic Scroll Emporium.
 45072 | Bazaar   | Found Tideat's Book Shop.
 45118 | Bazaar   | Bought a jacinth-encrusted plate armour for 644 gold pieces
 45118 | Bazaar   | Identified the +12 plate armour "Naogoq" {rElec rC+ Str+3}
                  | (You bought it in a shop in a bazaar)
 45148 | Bazaar   | Bought a scroll of enchant armour for 82 gold pieces
 46123 | Shoals:4 | Entered Level 4 of the Shoals
 46414 | Shoals:4 | Got a barnacled rune of Zot
 46771 | Shoals:4 | Identified the ring "Winidarr" {rCorr SInv}
 46876 | Shoals:4 | Noticed Mara
 47210 | Vaults:1 | Entered Level 1 of the Vaults
 47608 | Vaults:1 | Reached XP level 20. HP: 174/174 MP: 34/34
 48445 | Vaults:2 | Found Jezaogh's Antique Armour Shop.
 48511 | Vaults:2 | Found a staircase to the Crypt.
 48729 | Vaults:2 | Reached skill level 16 in Fighting
 49522 | Vaults:3 | Identified the +0 plate armour of the Nine Hells {Harm
                  | Int+6}
 49740 | Vaults:3 | Reached skill level 15 in Armour
 50540 | Vaults:4 | Cast into level 2 of the Abyss (a wizard)
 50555 | Vaults:4 | Escaped the Abyss
 50568 | Vaults:4 | Gained mutation: You resist negative energy. (rN+) [demonic
                  | ancestry]
 50568 | Vaults:4 | Reached XP level 21. HP: 161/184 MP: 37/37
 50589 | Vaults:4 | Noticed Frederick
 50613 | Vaults:4 | Killed Frederick
 50786 | Vaults:4 | Noticed Sojobo
 50842 | Vaults:4 | Reached skill level 15 in Shields
 50904 | Vaults:4 | Killed Sojobo
 51299 | Vaults:4 | Found Hosuosm's Antique Weapon Boutique.
 51308 | Vaults:4 | Found Cobiufamn's General Store.
 51407 | Vaults:4 | Reached skill level 17 in Fighting
 51768 | Vaults:5 | Entered Level 5 of the Vaults
 51976 | Vaults:4 | Reached skill level 15 in Necromancy
 52530 | Vaults:5 | Found Qesiphyh's Magic Scroll Shop.
 52550 | Vaults:5 | Gained mutation: You are somewhat able to resist unholy
                  | torments (1 in 2 success). [demonic ancestry]
 52550 | Vaults:5 | Reached XP level 22. HP: 146/194 MP: 39/39
 52974 | Vaults:5 | Found Weonkuc's Distillery.
 52986 | Vaults:5 | Bought a potion of heal wounds for 110 gold pieces
 52986 | Vaults:5 | Bought a potion of curing for 66 gold pieces
 52986 | Vaults:5 | Bought a potion of curing for 66 gold pieces
 52986 | Vaults:5 | Bought a potion of curing for 66 gold pieces
 53023 | Vaults:5 | Found Ciber's Distillery.
 53043 | Vaults:5 | Bought a potion of curing for 39 gold pieces
 53254 | Vaults:5 | Found Sekkur's Antique Armour Emporium.
 53255 | Vaults:5 | Noticed an ancient lich
 54205 | Depths:1 | Entered Level 1 of the Depths
 54376 | Depths:1 | Identified the +3 hand axe of the Several Hosts {venom,
                  | *Slow rElec rPois}
 54574 | Depths:1 | Found a stormy altar of Qazlal.
 54869 | Depths:1 | Found a one-way gate to the infinite horrors of the Abyss.
 55323 | Depths:1 | Found a gateway to Hell.
 55956 | Depths:1 | Found the +2 ratskin cloak {*Rats rPois rN+ Str-1 Int-1
                  | Dex+1}
 56078 | Depths:1 | Found a one-way gate leading to the halls of Pandemonium.
 56265 | Depths:1 | Identified the +7 chain mail "Warchub" {MP-9 Int+4 Dex+7}
 56433 | Depths:2 | Reached skill level 18 in Fighting
 56794 | Depths:2 | Found Dyra's Armour Emporium.
 56870 | Depths:2 | Found a gateway to a ziggurat.
 58852 | Depths:3 | Paralysed by a floating eye for 2 turns
 59064 | Depths:3 | Noticed a golden dragon
 59089 | Depths:3 | Noticed rjrrt's ghost (adept MiBe)
 59090 | Depths:3 | Noticed a golden dragon
 59117 | Depths:3 | Gained mutation: Your melee attacks may debilitate your
                  | foes. [demonic ancestry]
 59117 | Depths:3 | Reached XP level 23. HP: 195/203 MP: 37/41
 59136 | Depths:3 | Found a transporter.
 59709 | Depths:3 | Found a transporter.
 59712 | Depths:3 | Noticed a caustic shrike
 59947 | Depths:3 | Banished a caustic shrike
 60025 | Depths:3 | Killed rjrrt's ghost
 60227 | Depths:3 | Identified the -6 cloak of Hadjma {-Cast Harm rN+}
 60324 | Depths:4 | Found a corrupted altar of Lugonu.
 60338 | Depths:4 | Noticed Margery
 60416 | Depths:4 | Banished Margery
 60417 | Depths:4 | Reached skill level 15 in Spellcasting
 60787 | Depths:4 | Noticed the Enchantress
 60804 | Depths:4 | Killed the Enchantress
 61242 | Depths:4 | Identified the +5 short sword of Esoquocema {drain, SInv}
 61261 | Depths:5 | Entered Level 5 of the Depths
 61832 | Depths:5 | Reached skill level 19 in Fighting
 61894 | Depths:5 | Found a gate to the Realm of Zot.
 62169 | Depths:5 | Identified the +4 hand axe of Ludero {vorpal, rPois Int+2}
 62218 | Depths:5 | Paralysed by a great orb of eyes for 4 turns
 62255 | Depths:5 | Reached XP level 24. HP: 189/215 MP: 42/42
 62341 | Depths:5 | Noticed Xtahua
 62367 | Depths:5 | Paralysed by Xtahua for 7 turns
 62375 | Depths:5 | Killed Xtahua
 63110 | Depths:5 | Identified the +1 plate armour of the Guardian {MP+9}
 63495 | Elf:1    | Entered Level 1 of the Elven Halls
 63585 | Elf:1    | Found Wisuoss's Jewellery Shop.
 63682 | Elf:1    | Found Yvagi's General Store.
 63684 | Elf:1    | Found Ohehitua's Armour Emporium.
 63692 | Elf:1    | Found Xoaj's Armour Shoppe.
 63696 | Elf:1    | Bought a potion of heal wounds for 85 gold pieces
 63696 | Elf:1    | Bought a scroll of enchant armour for 127 gold pieces
 63960 | Elf:1    | Found a shimmering blue altar of Sif Muna.
 64015 | Elf:1    | Identified the Almanac of Destiny
 64038 | Elf:2    | Found Kuakhlol's Assorted Antiques.
 64063 | Elf:2    | Bought a scroll of teleportation for 123 gold pieces
 64063 | Elf:2    | Bought a scroll of fear for 143 gold pieces
 64063 | Elf:2    | Bought a scroll of teleportation for 123 gold pieces
 64191 | Elf:2    | Found a runed translucent gate.
 64191 | Elf:2    | Found a runed translucent gate.
 64195 | Elf:2    | Found a runed translucent gate.
 64865 | Elf:3    | Entered Level 3 of the Elven Halls
 65649 | Elf:3    | Identified the Grimoire of Moulding and the Volcanoes
 66464 | Elf:3    | Identified the +2 robe of Gravitas {rElec rC++ Dex+2}
 66534 | Elf:3    | Identified the +10 dagger of Dysaoram {holy, rPois Str+4
                  | Int+3 Dex-4}
 66749 | Elf:3    | Identified the +8 dagger "Jotuob" {vorpal, rN+}
 66930 | Elf:3    | Reached skill level 20 in Fighting
 66933 | Elf:3    | Identified the Papyrus of Ignition
 67495 | Slime:1  | Entered Level 1 of the Pits of Slime
 67545 | Slime:1  | Reached XP level 25. HP: 219/224 MP: 43/43
 67596 | Slime:2  | Gained mutation: Your flesh is heat resistant. (rF+) [a
                  | shining eye]
 67619 | Slime:4  | Gained mutation: You are frail. (-10% HP) [a shining eye]
 67620 | Slime:4  | Gained mutation: You are clumsy. (Dex -2) [a shining eye]
 67640 | Slime:4  | Lost mutation: You are frail. (-10% HP) [potion of
                  | mutation]
 67640 | Slime:4  | Lost mutation: You are clumsy. (Dex -2) [potion of
                  | mutation]
 67640 | Slime:4  | Gained mutation: You are agile. (Dex +2) [potion of
                  | mutation]
 67640 | Slime:4  | Gained mutation: You are robust. (+10% HP) [potion of
                  | mutation]
 67663 | Slime:5  | Entered Level 5 of the Pits of Slime
 67840 | Slime:5  | Noticed the Royal Jelly
 67852 | Slime:5  | Gained mutation: You are weak. (Str -2) [a shining eye]
 67856 | Slime:5  | Paralysed by a floating eye for 3 turns
 67858 | Slime:5  | Gained mutation: Potions are less effective at restoring
                  | your health. [a shining eye]
 68296 | Slime:5  | Killed the Royal Jelly
 68364 | Slime:5  | Paralysed by a great orb of eyes for 2 turns
 68366 | Slime:5  | Slain by a rockslime

Illustrated notes

Levels and vault maps discovered:
D:1:      saegor_arrival_fortress, layout_loops_ring,
          hellmonk_ecumenical_altar_run_dry, st_stairs_7, minmay_misc_feat_rows,
          minmay_misc_feat_hallway
D:2:      layout_basic
D:3:      layout_loops_corners, uniq_natasha
D:4:      layout_basic, lemuel_mausoleum_altar_yredelemnul,
          general_overflow_altar, lightli_sewer_entry_pipes,
          chequers_ossuary_entry_cave, uniq_eustachio
D:5:      layout_basic, nicolae_dithmenos_shadow_blocks,
          chequers_temple_overflow_statue_of_worship, serial_shops, shop,
          nicolae_shop_waterfront, shop, minmay_manual_mess
D:6:      layout_basic, grunt_gozag_breadcrumbs, zin_angel,
          minmay_temple_entry_tees, minmay_holes, uniq_crazy_yiuf_cottage,
          uniq_edmund
D:7:      layout_basic, eat_drink_and_be_merry_uskayaw, serial_shops, shop,
          uniq_duvessa
D:8:      layout_basic
D:9:      layout_loops_ring, vehumet_crystals, dpeg_lair_monsters,
          serial_bayou_crossing
D:10:     layout_small_grid, ebering_ghost_reflecting_pool,
          minmay_misc_feat_cross
D:11:     layout_basic, orc_0_dummy, portal_ice_cave_entry_ice_beasts,
          serial_ice, serial_ice_i, serial_ice_m, serial_ice_o, serial_ice_f,
          minmay_crystal_room
D:12:     layout_irregular_city, muffindrake_ghost_dual_entry
D:13:     minmay_the_grid_square_5x5_4x4 [minmay_the_grid_square_5x5_gyroscope,
          minmay_the_grid_square_5x5_bracketed,
          minmay_the_grid_square_5x5_three_walls,
          minmay_the_grid_square_5x5_inset, minmay_the_grid_square_5x5_detours,
          minmay_the_grid_square_5x5_prize_waves,
          minmay_the_grid_square_5x5_prize_itemx,
          minmay_the_grid_square_5x5_lines, minmay_the_grid_square_5x5_minimal,
          minmay_the_grid_square_5x5_prize_open,
          minmay_the_grid_square_5x5_prize_rear_guard,
          minmay_the_grid_square_5x5_six_small,
          minmay_the_grid_square_5x5_broken_cross,
          minmay_the_grid_square_5x5_moneybag,
          minmay_the_grid_square_5x5_percent, minmay_the_grid_square_5x5_plus],
          layout_cave_pods, erik_vaults_1, serial_shops,
          nicolae_shop_behind_doors, gauntlet_entry_generic, xom_shifter_show
D:14:     layout_layer_cave, uniq_snorg, uniq_frances
D:15:     grunt_enter_depths_snipers, layout_irregular_city,
          hangedman_abyss_or_decor_passed, chequers_jeans
Lair:1:   layout_cave_pods, special_room [special_room_bee],
          chequers_serial_rivers_room_a
Lair:2:   layout_misc_corridors, minmay_snake_entry_guardpost_small,
          lemuel_old_faithful, uniq_nergalle
Lair:3:   layout_cave_pods, minmay_shoals_entry_centaurs
Lair:4:   layout_loops_ring, eino_house_with_fridge
Lair:5:   layout_small_grid, slime_dummy, dpeg_oklob_1, grunt_megastairs_4,
          uniq_kirke, uniq_nessos
Lair:6:   hangedman_lair_caniforms_friends, layout_regular_city,
          guppyfry_lair_end_dragon, gammafunk_ghost_wrathful_warriors,
          kennysheep_rathole, minmay_lair_oklob_chamber, lemuel_fruit_tree
Shoals:1: cheibrodos_shoals_gigantism, layout_shoals, serial_shops,
          nicolae_shop_stone, uniq_roxanne
Shoals:2: layout_shoals, nicolae_shoals_dead_sea_scrolls, uniq_ilsuiw
Shoals:3: cheibrodos_shoals_baths, layout_shoals, serial_shops, bzr_firewalk
Shoals:4: shoals_end_grunt_garden, layout_shoals, uniq_mara
Snake:1:  layout_misc_corridors, grunt_megastairs_1, serial_bayou_shore_a
Snake:2:  layout_honeycomb, uniq_asterion
Snake:3:  layout_chambers, drop_trap, serial_bayou_pond_d, serial_bayou_shore_b,
          serial_bayou_shore_b
Snake:4:  snake_hunt, layout_misc_corridors, abandoned_shop,
          hangedman_snake_pattern, grunt_ministairs_12, nicolae_alphabet_shops,
          drop_trap, st_stairs_7, uniq_saint_roka
Slime:1:  layout_caves
Slime:2:  layout_caves, nicolae_slime_barrier, nicolae_slime_welcoming_committee
Slime:3:  layout_caves, cheibrodos_slime_lost_civilization_7
Slime:4:  layout_caves
Slime:5
Orc:1:    layout_diamond_mine, serial_shops, shop, nicolae_orc_pool_cavern,
          abandoned_shop, nicolae_orc_flooded_monolith
Orc:2:    st_orc_open, layout_caves
Elf:1:    eino_elf_arrival_customs, layout_gridlike, basic_altar, serial_shops,
          nicolae_shop_temple_entry_statues_fountains, minmay_elf_necromancy,
          minmay_shop_star
Elf:2:    layout_rooms, serial_shops, shop
Elf:3:    minmay_elf_hall_furrowed, layout_geoelf_castle,
          minmay_misc_feat_columns, laboratory
Vaults:1: nicolae_vaults_little_squares_6, v_misc_22,
          nicolae_vaults_angled_halls, hangedman_vaults_impose,
          nicolae_vaults_little_squares_3,
          vaults_standard_mumra_enter_the_diamond, dpeg_vaults_monster_box,
          nicolae_vaults_quartermaster, layout_vaults_big_room
Vaults:2: minmay_crypt_entry_simple_corners, vaults_room_hallway, v_pattern_2,
          v_misc_26, v_misc_27, vaults_room_stairs_pillars,
          nicolae_vaults_theta, ontoclasm_vaults_shuriken,
          layout_vaults_omnigrid, serial_shops, shop
Vaults:3: ontoclasm_vaults_tryst, nicolae_vaults_network_periphery,
          hangedman_vaults_variations, nicolae_vaults_theta,
          hangedman_vaults_slice, v_misc_14, v_alt_pattern_4,
          hangedman_vaults_stretched_pinwheel, hangedman_vaults_impose,
          v_misc_27, layout_vaults_maze_snakey
Vaults:4: ontoclasm_vaults_chip, kb_rosetta, vaults_room_pools,
          hangedman_vaults_stagger, vaults_mumra_minichess,
          hangedman_vaults_stream, ontoclasm_vaults_idyll,
          vaults_standard_mumra_lines, v_misc_26, nicolae_vaults_gold_heap,
          vaults_dpeg_hooks, layout_vaults_ring, serial_shops, shop, shop,
          uniq_sojobo, uniq_frederick
Vaults:5
Depths:1: wad_courtyard, layout_basic, rand_demon_pan_entry_1, abyss_entry,
          nicolae_qazlal_general_emergency, hell_entry, minmay_protected_statue
Depths:2: kennysheep_ogre_elephant_herders, layout_basic, enter_ziggurat_d,
          hell_entry, serial_shops, shop, infiniplex_staircase_pool_2
Depths:3: minmay_diamond_stairs, layout_basic, pan_entry,
          gammafunk_ghost_berserking_beasts, hell_entry, minmay_staircase_bubble
Depths:4: minmay_tri_box, layout_cave_pools, pan_entry, hell_entry,
          abyss_entry_flame_altar, infiniplex_staircase_pillars_3a,
          uniq_margery, uniq_enchantress
Depths:5: grunt_twist_and_shout, layout_gridlike, lightli_too_deep, uniq_xtahua

Skill      XL: |  1  2  3  4  5  6  7  8  9 10 11 12 13 14 15 16 17 18 19 20 21 22 23 24 |
---------------+-------------------------------------------------------------------------+-----
Dodging        | 1 2 3 |  3.0
Polearms       | 2 3 4 5 6 8 9 10 11 13 14 15 | 15.3
Armour         | 2 3 4 5 6 7 8 9 10 11 12 13 14 15 16 17 18 | 18.9
Invocations    | 3 4 5 6 8 9 10 12 14 15 16 17 | 17.0
Fighting       | 4 5 6 7 8 9 10 11 12 13 14 15 16 17 18 19 20 | 20.3
Shields        | 1 2 4 5 6 7 8 10 11 12 13 14 15 | 15.0
Spellcasting   | 4 8 10 12 13 14 15 16 | 16.9
Necromancy     | 7 10 12 14 15 16 17 19 | 19.4

Action                   |  1- 3 |  4- 6 |  7- 9 | 10-12 | 13-15 | 16-18 | 19-21 | 22-24 | 25-27 || total
-------------------------+-------+-------+-------+-------+-------+-------+-------+-------+-------++-------
Melee: Spear             |   153 |       |       |       |       |       |       |       |       ||   153
       Trident           |    10 |   146 |   349 |   749 |   985 |  1394 |       |       |       ||  3633
       Kick              |       |       |       |   204 |   436 |   697 |   510 |   593 |   135 ||  2575
       Demon trident     |       |       |       |       |       |   290 |  1403 |  1569 |   259 ||  3521
Throw: Javelin           |       |       |       |       |       |     3 |     1 |     4 |     3 ||    11
 Cast: Death Channel     |       |       |       |       |       |       |     7 |    19 |     1 ||    27
       Animate Dead      |       |       |       |       |       |       |       |     2 |       ||     2
Invok: Depart the Abyss  |     1 |       |       |       |       |     1 |       |       |       ||     2
       Banish            |       |       |     1 |     1 |     5 |     9 |       |       |     1 ||    17
       Bend Space        |       |       |     1 |       |     1 |     3 |       |     1 |     1 ||     7
       Enter the Abyss   |       |       |       |       |       |     1 |       |       |       ||     1
       Brand Weapon With |       |       |       |       |       |     1 |       |       |       ||     1
Evoke: Wand              |       |       |       |       |     5 |     2 |       |     1 |       ||     8
  Use: Scroll            |     4 |     4 |     7 |    12 |     9 |    15 |     5 |    11 |       ||    67
       Potion            |       |       |     1 |       |     4 |    12 |       |     3 |     7 ||    27
 Stab: Sleeping          |     2 |     2 |     3 |       |       |       |       |       |       ||     7
       Distracted        |       |       |       |       |       |     1 |     6 |     2 |       ||     9
       Invisible         |       |       |       |       |       |       |       |     3 |       ||     3
Armor: Leather armour    |    36 |    21 |    71 |       |       |       |       |       |       ||   128
       Chain mail        |       |       |    33 |   327 |   240 |   463 |    25 |       |       ||  1088
       Plate armour      |       |       |       |       |       |       |   429 |   406 |   122 ||   957
       Crystal plate arm |       |       |       |       |       |       |    14 |       |       ||    14
Dodge: Dodged            |    66 |    47 |   141 |   148 |   138 |   267 |   244 |   198 |    61 ||  1310
Block: Buckler           |       |       |    35 |     3 |       |       |       |       |       ||    38
       Kite shield       |       |       |       |   301 |   510 |  1102 |   899 |   762 |   164 ||  3738
       Reflection        |       |       |       |       |    30 |   112 |   133 |    63 |     5 ||   343
       Rpst.: Trident    |       |       |       |       |    10 |    45 |       |       |       ||    55
       Demon trident     |       |       |       |       |       |     3 |    33 |    25 |     8 ||    69

Table legend: (Time is in decaauts)
 A = Elapsed time spent in this place.
 B = Non-inter-level travel time spent in this place.
 C = Inter-level travel time spent in this place.
 D = Time resting spent in this place.
 E = Time spent auto-exploring this place.
 F = Levels seen in this place.
 G = Mean time per level.
                   A        B        C        D        E       F      G
               +--------+--------+--------+--------+--------+-----+--------+
         Total |  66928 |  62087 |   4841 |  14126 |  36324 |  58 | 1153.9 |
       Dungeon |  17875 |  16130 |   1745 |   1503 |  11928 |  15 | 1191.7 |
          Lair |   7776 |   7083 |    693 |    678 |   5261 |   6 | 1296.0 |
        Shoals |   4248 |   4009 |    239 |      0 |   2815 |   4 | 1062.0 |
     Snake Pit |   9990 |   9660 |    330 |   4325 |   4029 |   4 | 2497.5 |
    Slime Pits |    731 |    731 |      0 |    358 |      0 |   5 |  146.2 |
  Orcish Mines |   1966 |   1710 |    256 |    296 |   1041 |   2 |  983.0 |
   Elven Halls |   3624 |   3433 |    191 |    401 |   2351 |   3 | 1208.0 |
        Vaults |   6532 |   6237 |    295 |   1695 |   3383 |   5 | 1306.4 |
        Depths |   8789 |   7701 |   1088 |   2123 |   4205 |   5 | 1757.8 |
         Abyss |    224 |    224 |      0 |     17 |      0 |   4 |   56.0 |
        Bazaar |    114 |    114 |      0 |      0 |     39 |   1 |  114.0 |
         Sewer |    739 |    739 |      0 |      0 |    503 |   1 |  739.0 |
       Ossuary |    331 |    331 |      0 |      0 |    165 |   1 |  331.0 |
      Ice Cave |   3647 |   3647 |      0 |   2730 |    425 |   1 | 3647.0 |
      Gauntlet |    335 |    335 |      0 |      0 |    177 |   1 |  335.0 |
               +--------+--------+--------+--------+--------+-----+--------+

Top non-repeatable levels by time:
 Snake:3: 4038 daAuts
   IceCv: 3647 daAuts
 Snake:4: 3339 daAuts
Vaults:4: 2633 daAuts
Depths:2: 2506 daAuts
  Lair:6: 2388 daAuts
   Elf:3: 2229 daAuts
Depths:1: 2190 daAuts
    D:13: 1706 daAuts
     D:4: 1583 daAuts
Depths:5: 1558 daAuts
 Snake:2: 1555 daAuts
     D:5: 1504 daAuts
    D:12: 1475 daAuts
Depths:3: 1309 daAuts
